 Dungeon Crawl Stone Soup version 0.23.2-40-g277498a001 (webtiles) character file.

Game seed: 16810323698235088921

156 Martska the Skirmisher (level 5, -1/48 HPs)
             Began as a Hill Orc Fighter on Oct 10, 2019.
             Was a Believer of Makhleb.
             Killed from afar by an orc wizard (8 damage)
             ... with a puff of frost
             ... on level 3 of the Dungeon.
             The game lasted 00:04:42 (1738 turns).

Martska the Skirmisher (Hill Orc Fighter)           Turns: 1738, Time: 00:04:43

Health: -1/48      AC:  7    Str: 20    XL:     5   Next: 37%
Magic:  5/5        EV:  7    Int:  8    God:    Makhleb [**....]
Gold:   91         SH:  9    Dex: 10    Spells: 4/4 levels left

rFire    . . .     SeeInvis .   a - +0 war axe
rCold    . . .     Gourm    .   c - +0 shield
rNeg     . . .     Faith    +   b - +0 scale mail
rPois    .         Spirit   .   (no helmet)
rElec    .         Reflect  .   (no cloak)
rCorr    .         Harm     .   (no gloves)
MR       .....                  (no boots)
Stlth    ..........             l - amulet of faith
HPRegen  0.16/turn              (no ring)
MPRegen  0.09/turn              (no ring)

@: lethally poisoned (-1 -> -3)
A: no striking features
a: Minor Destruction, Renounce Religion


You were on level 3 of the Dungeon.
You worshipped Makhleb.
Makhleb was pleased with you.
You were not hungry.

You visited 1 branch of the dungeon, and saw 3 of its levels.

You collected 91 gold pieces.

Inventory:

Hand Weapons
 a - a +0 war axe (weapon)
Armour
 b - a +0 scale mail (worn)
 c - a +0 shield (worn)
Jewellery
 k - an uncursed amulet of inaccuracy
 l - an amulet of faith (around neck)
Scrolls
 e - 2 scrolls of identify
 g - 2 scrolls of remove curse
 h - 2 scrolls of enchant armour {unknown}
 i - 2 scrolls of teleportation {unknown}
 j - 2 scrolls of magic mapping {unknown}
 m - a scroll of fear {unknown}
Potions
 d - a potion of might
 n - 2 potions of curing {unknown}
Comestibles
 f - 6 rations


   Skills:
 * Level 5.0 Fighting
 * Level 4.5 Axes
 + Level 4.0 Armour
 + Level 4.0 Shields


You had 4 spell levels left.
You didn't know any spells.
Your spell library was empty.

Dungeon Overview and Level Annotations

Branches:
Dungeon (3/15)

Altars:
Makhleb
Okawaru


Message History

The orc priest hits you but does no damage.
You barely miss the orc priest.
The orc priest is severely wounded.
You slash the giant cockroach!
You kill the giant cockroach!
Makhleb accepts your kill.
You feel better.
You miss something.
You feel sick. Something hits you but does no damage.
You block the orc priest's attack. You block something's attack.
You slash the orc priest!
You kill the orc priest!
Makhleb accepts your kill.
Your Fighting skill increases to level 5!
Your Armour skill increases to level 4!
Your Shields skill increases to level 4!
You miss something.
You hear some strange, mumbled words.
A puff of frost appears from out of thin air!
The puff of frost hits you!
You die...

#.#####♣P♣♣........
.#..#........♣♣)..##....
...#... #....†)..♣.♣.♣..
..#..#. #.##.###........
.#..#.. #.##.# #.♣#♣#♣#.
...#... #.♣.♣###........
#.#..#! #.........#####.
#.....{#♣.♣.♣.♣...# ##
#)@........#.#
#..♣.♣.♣#♣##.#
#.....)..$.
###.##.♣.♣... #.
.#.###### #..# #. ### ##


There were no monsters in sight!

Vanquished Creatures
  2 orc priests (D:3)
  5 adders
  3 orcs (D:3)
  3 giant cockroaches
  8 hobgoblins
  7 jackals
  A quokka (D:2)
  8 bats
  3 frilled lizards
  3 goblins
  3 kobolds (D:1)
  5 rats (D:2)
51 creatures vanquished.

Notes
Turn   | Place    | Note
-------+----------+-------------------------------------------
     0 | D:1      | Martska the Hill Orc Fighter began the quest for the Orb.
     0 | D:1      | Reached XP level 1. HP: 19/19 MP: 1/1
   209 | D:1      | Reached XP level 2. HP: 27/27 MP: 2/2
   362 | D:1      | Reached skill level 4 in Fighting
   784 | D:2      | Reached XP level 3. HP: 28/33 MP: 3/3
   994 | D:2      | Found a faded altar of an unknown god.
  1064 | D:2      | Became a worshipper of Makhleb the Destroyer
  1064 | D:2      | Reached * piety under Makhleb
  1321 | D:2      | Found an iron altar of Okawaru.
  1328 | D:2      | Reached XP level 4. HP: 32/41 MP: 4/4
  1709 | D:3      | Reached ** piety under Makhleb
  1728 | D:3      | Reached XP level 5. HP: 23/47 MP: 5/5
  1738 | D:3      | Reached skill level 5 in Fighting
  1738 | D:3      | Killed from afar by an orc wizard

Skill      XL: |  1  2  3  4  5 |
---------------+----------------+-----
Axes           | 3 4 |  4.5
Fighting       | 4 5 |  5.0
Armour         | 4 |  4.0
Shields        | 4 |  4.0

Action                   |  1- 3 |  4- 6 || total
-------------------------+-------+-------++-------
Melee: War axe           |   105 |    57 ||   162
  Use: Scroll            |       |     2 ||     2
  Eat: Chunk             |     1 |     2 ||     3
Armor: Scale mail        |    55 |    43 ||    98
Dodge: Dodged            |    38 |    15 ||    53
Block: Shield            |    60 |    41 ||   101
